 Dungeon Crawl Stone Soup version 0.32-a0-931-g5a2cda0630 (webtiles) character file.

Game seed: 1163435474808273856

1092 Biggs the Slicer (level 8, -5/38 HPs)
             Began as a Vine Stalker Brigand on Apr 14, 2024.
             Slain by an acid dragon (6 damage)
             ... on level 5 of the Dungeon.
             The game lasted 00:11:57 (1682 turns).

Biggs the Slicer (Vine Stalker Brigand)             Turns: 1682, Time: 00:11:59

Health: -5/38      AC: -1    Str: 15    XL:     8   Next: 31%
Magic:  0/9        EV:  9    Int: 11    God:
Gold:   72         SH:  0    Dex: 17    Spells: 7/7 levels left

rFire   + . .        i - +2 short sword (elec)
rCold   + . .        (no shield)
rNeg    . . .        j - +0 ring mail
rPois   .            v - +0 helmet
rElec   .            c - +0 cloak
rCorr   .            (no gloves)
SInv    .            (no boots)
Will    +....        (no amulet)
Stlth   ++           k - ring of protection from cold
HPRegen 1.06/turn    m - ring of protection from fire
MPRegen 0.11/turn

%: guardian spirit
@: corroded
A: fangs 3, regeneration 1, magic shield, antimagic bite, no potion heal 2
a: no special abilities


You were on level 5 of the Dungeon.
You visited 1 branch of the dungeon, and saw 5 of its levels.

You collected 160 gold pieces.
You spent 88 gold pieces at shops.

Inventory:

Hand Weapons
 a - a +2 dagger
 i - a +2 short sword of electrocution (weapon)
Missiles
 d - 12 poisoned darts
 e - 5 curare-tipped darts (quivered)
Armour
 b - a +0 robe
 c - a +0 cloak (worn)
 j - a +0 ring mail (worn)
 v - a +0 helmet (worn)
Jewellery
 k - a ring of protection from cold (left hand)
 l - a ring of positive energy
 m - a ring of protection from fire (right hand)
Scrolls
 f - a scroll of enchant armour {unknown}
 h - a scroll of teleportation
 o - a scroll of silence {unknown}
 p - 2 scrolls of immolation {unknown}
 q - 2 scrolls of noise {unknown}
 r - 2 scrolls of vulnerability {unknown}
 s - a scroll of identify {unknown}
 u - a scroll of fog {unknown}
 y - a scroll of amnesia {unknown}
Potions
 g - 2 potions of enlightenment {unknown}
 n - a potion of lignification {unknown}
 t - 3 potions of curing {unknown}
 w - a potion of invisibility {unknown}
 x - a potion of attraction {unknown}


   Skills:
 - Level 1.7 Fighting
 + Level 8.9 Short Blades
 - Level 1.7 Throwing
 - Level 0.7 Dodging
 - Level 4.8 Stealth


You had 7 spell levels left.
You didn't know any spells.
Your spell library was empty.

Dungeon Overview and Level Annotations

Branches:
Dungeon (5/15)
 Temple: D:4-7

Altars:
Kikubaaqudgha
Trog
Uskayaw

Shops:
D:2 ((*=   D:3 *


Innate Abilities, Weirdness & Mutations

You have razor-sharp teeth.
Your natural rate of healing is unusually fast.
When hurt, damage is shared between your health and your magic reserves.
Your bite disrupts and absorbs the magic of your enemies.
Potions cannot restore your health.


Message History

You hit the acid dragon but do no damage.
You bite the acid dragon, but do no damage.
The scorpion misses you. The acid dragon bites you! The acid dragon claws you.
The iguana closely misses you.
You hit the acid dragon but do no damage.
You bite the acid dragon, but do no damage.
Unknown command.
The scorpion attacks as it pursues you! The scorpion stings you.
The scorpion stings you!
Unknown command.
You hit the scorpion but do no damage. You hit the scorpion but do no damage.
Lightning courses through the scorpion!
You kill the scorpion!
Unknown command.
The acid dragon bites you. The acid dragon barely misses you.
The iguana misses you.
You see here a scorpion corpse.
Unknown command.
Unknown command.
Unknown command.
You hit the acid dragon but do no damage.
Lightning courses through the acid dragon!
The acid dragon is severely wounded.
The acid dragon spits acid at you. The splash of acid hits you!
* * * LOW HITPOINT WARNING * * *
The acid corrodes you!
You hit the acid dragon but do no damage.
The acid dragon is severely wounded.
You hit the acid dragon but do no damage.
The acid dragon is severely wounded.
The acid dragon barely misses you. x2
Unknown command.
You hit the acid dragon but do no damage.
You bite the acid dragon, but do no damage.
The acid dragon is severely wounded.
The acid dragon bites you!
* * * LOW HITPOINT WARNING * * *
The acid dragon claws you.
You die...

...............#.#
#.............
..####.........#.#
##............
.....#####...###.##
#............
........##...##...#
#............
........#######.).#
#............
........#
##...###............
........#
#.....##............
.......## #.#.#.#
######## .......#
#..#@#..# .......#
...##D##... .#######
..###.l.###..
........ ### $..⌠..=
### ...#####
###...### .......#
##.## .......# #$#
.......## ###
......<.#


You could see an acid dragon (catching breath) and an iguana.

Vanquished Creatures
  Grinder (D:5)
  2 black bears (D:5)
  An ice beast (D:5)
  A centaur (D:5)
  4 scorpions
  2 orc priests (D:5)
  A hound (D:4)
  An orc wizard (D:5)
  Natasha (D:4)
  2 iguanas
  2 adders
  3 dart slugs
  3 ribbon worms
  5 orcs
  4 ball pythons
  6 bats
  6 endoplasms
  4 giant cockroaches
  2 goblins
  7 hobgoblins
  8 jackals
  2 kobolds
  5 quokkas (D:1)
  A frilled lizard (D:1)
  5 rats
79 creatures vanquished.

Notes
Turn   | Place    | Note
-------+----------+-------------------------------------------
     0 | D:1      | Biggs the Vine Stalker Brigand began the quest for the Orb.
     0 | D:1      | Reached XP level 1. HP: 11/11 MP: 2/2
    35 | D:1      | Reached skill level 2 in Short Blades
    65 | D:1      | Reached XP level 2. HP: 15/15 MP: 1/3
   177 | D:1      | Reached skill level 3 in Short Blades
   183 | D:1      | Reached XP level 3. HP: 18/18 MP: 4/4
   557 | D:2      | Found Risel's Antique Weapon Shop.
   579 | D:2      | Reached XP level 4. HP: 23/23 MP: 5/5
   595 | D:2      | Found Wiewn's Assorted Antiques.
   607 | D:2      | Bought a scroll labelled YMULEATTUWN for 22 gold pieces
   607 | D:2      | Bought a scroll labelled LAGAPAPTIETI for 22 gold pieces
   607 | D:2      | Bought a scroll labelled FEMIAG ECLIKA for 22 gold pieces
   607 | D:2      | Bought a scroll labelled LAGAPAPTIETI for 22 gold pieces
   729 | D:2      | Found Boshrasi's Jewellery Boutique.
   768 | D:2      | Found Baraont's Antique Weapon Shoppe.
   867 | D:3      | Found an ancient bone altar of Kikubaaqudgha.
   886 | D:3      | Reached skill level 4 in Short Blades
   930 | D:3      | Found Imyfopp's General Store.
  1015 | D:4      | Found a bloodstained altar of Trog.
  1078 | D:4      | Noticed a scorpion
  1093 | D:4      | Killed a scorpion
  1094 | D:4      | Reached XP level 5. HP: 10/26 MP: 2/6
  1131 | D:4      | Found a hide-covered altar of Uskayaw.
  1133 | D:4      | Noticed a +0 dagger
  1133 | D:4      | Noticed a +0 hand axe
  1142 | D:4      | Reached skill level 5 in Short Blades
  1178 | D:4      | Noticed Natasha
  1186 | D:4      | Killed Natasha
  1280 | D:5      | Entered Level 5 of the Dungeon
  1280 | D:5      | Noticed a black bear
  1292 | D:5      | Killed a black bear
  1293 | D:5      | Reached XP level 6. HP: 20/30 MP: 5/7
  1306 | D:4      | Reached skill level 6 in Short Blades
  1403 | D:5      | Reached XP level 7. HP: 26/34 MP: 8/8
  1428 | D:5      | Reached skill level 7 in Short Blades
  1521 | D:5      | Noticed Grinder
  1530 | D:5      | Killed Grinder
  1531 | D:5      | Reached skill level 8 in Short Blades
  1531 | D:5      | Gained mutation: You have razor-sharp teeth. [Vine Stalker
                  | growth]
  1531 | D:5      | Reached XP level 8. HP: 27/38 MP: 6/9
  1682 | D:5      | HP: 1/38 [acid dragon (8)]
  1682 | D:5      | Slain by an acid dragon

Illustrated notes

Levels and vault maps discovered:
D:1:      dpeg_arrival_ternary, layout_basic
D:2:      layout_loops_ring, serial_shops, shop, nicolae_shop_getting_attention,
          nicolae_shop_gaudy_bauble, shop_fountains, minmay_circle_x
D:3:      layout_loops_cross, lemuel_tele_altar, serial_shops,
          nicolae_shop_pleasant_corner_grove, kennysheep_cross_bottleneck,
          minmay_misc_feat_nine_boxes
D:4:      layout_loops_cross, mainiacjoe_overflow_alcove_1,
          kennysheep_slug_shrine, bloody_trog, dancing_weapons_uskayaw,
          minmay_a_box_with_orc_wizards_in_it, uniq_natasha
D:5:      minmay_general_purpose_star, layout_basic,
          mainiacjoe_overflow_tiny_flanked,
          nicolae_ossuary_entry_false_entrances, uniq_grinder

Skill      XL: |  1  2  3  4  5  6  7 |
---------------+----------------------+-----
Short Blades   | 2 3 4 5 6 8 |  8.9
Fighting       | |  1.7
Throwing       | |  1.7
Dodging        | |  0.7
Stealth        | |  4.8

Action                     |  1- 3 |  4- 6 |  7- 9 || total
---------------------------+-------+-------+-------++-------
  Melee: Dagger            |    65 |       |       ||    65
         Bite              |    23 |    33 |    19 ||    75
         Short sword       |    35 |   100 |    55 ||   190
    Use: Scroll            |       |       |     1 ||     1
   Stab: Sleeping          |     4 |     4 |       ||     8
 Armour: Robe              |    53 |       |       ||    53
         Ring mail         |    15 |    69 |    50 ||   134
  Dodge: Dodged            |    70 |    43 |    39 ||   152

Table legend: (Time is in decaauts)
 A = Elapsed time spent in this place.
 B = Non-inter-level travel time spent in this place.
 C = Inter-level travel time spent in this place.
 D = Time resting spent in this place.
 E = Time spent auto-exploring this place.
 F = Levels seen in this place.
 G = Mean time per level.
                   A        B        C        D        E       F      G
               +--------+--------+--------+--------+--------+-----+--------+
         Total |   1618 |   1604 |     14 |      0 |      0 |   5 |  323.6 |
       Dungeon |   1618 |   1604 |     14 |      0 |      0 |   5 |  323.6 |
               +--------+--------+--------+--------+--------+-----+--------+

Top non-repeatable levels by time:
     D:1: 440 daAuts
     D:5: 357 daAuts
     D:2: 332 daAuts
     D:4: 277 daAuts
     D:3: 210 daAuts
